Demolitions vs Rafales
Created - 5 décembre 2016 at 19:13
Goals
|
| Demolitions |
0 |
2 |
0 |
2 |
| Rafales |
4 |
1 |
1 |
6 |
|
Shots
|
| Demolitions |
13 |
16 |
5 |
34 |
| Rafales |
13 |
8 |
14 |
35 |
|
1st period
1. Rafales , Jeff Skinner 4 (Connor Murphy) at 8:32 (PP)
2. Rafales , Johan Ryno 3 (Michael Bournival, Matt Gilroy) at 9:49
3. Rafales , Jonathan Rheault 6 (Jeff Skinner, Ryan Bourque) at 13:25
4. Rafales , Mike Zigomanis 16 (Cody McLeod, Milan Bartovic) at 14:28
Penalties :
Bobby Butler (Vic) for Hooking (Minor) at 6:56, Connor Murphy (Stf) for Fighting (Major) at 19:18, Darren Helm (Vic) for Fighting (Major) at 19:18
2nd period
5. Demolitions , Bobby Butler 12 (Doug Janik, Nikolai Zherdev) at 12:40
6. Demolitions , Matt D'Agostini 9 (Nicolas Blanchard, David Laliberté) at 15:58
7. Rafales , Johan Ryno 4 (Marc-André Gragnani, Michael Bournival) at 17:14
Penalties :
Milan Bartovic (Stf) for Fighting (Major) at 1:28, Nikolai Zherdev (Vic) for Fighting (Major) at 1:28, Nigel Dawes (Vic) for Hooking (Minor) at 13:20
3rd period
8. Rafales , Mike Sislo 5 (Nathan Davis, Matt Gilroy) at 7:16
Penalties :
Bobby Butler (Vic) for Holding (Minor) at 7:21, Nathan Davis (Stf) for Fighting (Major) at 17:03, Darren Helm (Vic) for Fighting (Major) at 17:03, Nathan Davis (Stf) for instigated a fight (Minor) at 17:03, Nathan Davis (Stf) for instigated a fight (10 Minutes Misconduct) at 17:03, David Rundblad (Vic) for Slashing (Minor) at 17:56
Goalie Stats
Brent Krahn (Vic), 9 saves from 13 shots - (0,692), L, 9-6-1, 14:28 minutes
Joe Cannata (Vic), 20 saves from 22 shots - (0,909), 45:32 minutes
John Gibson (Stf), 32 saves from 34 shots - (0,941), W, 7-5-1, 60:00 minutes
Players Stats for Demolitions
Player Name G A P +/- PIM S H SB GA TA FO MP PP MP PK MP
------------------------------------------------------------------------------------
Alex Hutchings 0 0 0 -1 0 0 1 0 0 0 0/0 7:27 0:00 1:57
Andrew Campbell 0 0 0 0 0 0 0 0 0 0 0/0 11:07 0:00 0:00
Billy Sweat 0 0 0 0 0 0 0 0 0 0 0/0 4:26 0:00 0:00
Bobby Butler 1 0 1 -1 4 4 2 1 0 0 0/0 20:00 0:29 1:12
Cameron Schilling 0 0 0 1 0 1 0 2 0 0 0/0 24:19 0:44 3:58
Darren Helm 0 0 0 -1 10 2 0 0 1 1 19/31 17:16 0:00 1:52
David Laliberté 0 1 1 -1 0 2 1 0 1 0 0/0 12:02 0:00 0:00
David Rundblad 0 0 0 -2 2 3 3 2 0 1 0/0 18:23 0:08 2:00
Doug Janik 0 1 1 1 0 2 0 0 1 1 0/0 24:19 0:44 3:58
Marek Zagrapan 0 0 0 -1 0 4 0 0 0 0 5/8 17:47 0:24 0:20
Matt D'Agostini 1 0 1 0 0 1 2 2 2 0 3/7 16:39 0:29 0:01
Nick Pryor 0 0 0 -2 0 0 0 0 0 0 0/0 5:41 0:00 0:00
Nicolas Blanchard 0 1 1 0 0 1 6 1 1 1 3/4 17:24 0:00 2:48
Nigel Dawes 0 0 0 -1 2 5 1 0 0 0 0/0 18:44 0:24 1:09
Nikolai Zherdev 0 1 1 -2 5 4 1 1 3 2 6/9 23:30 0:29 3:35
Robert Bortuzzo 0 0 0 0 0 0 0 2 0 0 0/0 10:59 0:00 0:29
Ryan Vesce 0 0 0 -1 0 5 2 1 1 1 1/1 17:02 0:24 0:00
Seth Helgeson 0 0 0 -2 0 0 1 2 0 0 0/0 19:34 0:09 2:29
Taylor Aronson 0 0 0 -2 0 0 0 0 0 0 0/0 5:41 0:00 0:00
Players Stats for Rafales
Player Name G A P +/- PIM S H SB GA TA FO MP PP MP PK MP
------------------------------------------------------------------------------------
Cody McLeod 0 1 1 0 0 5 6 1 1 1 0/1 22:42 3:13 0:47
Connor Murphy 0 1 1 2 5 0 0 2 0 0 0/0 24:34 3:32 0:33
Jeff Skinner 1 1 2 0 0 2 1 1 1 0 0/1 18:10 3:04 0:00
Johan Ryno 2 0 2 1 0 3 1 1 0 0 0/0 8:47 0:40 0:00
Jonas Junland 0 0 0 0 0 0 1 2 0 1 0/0 20:33 3:00 0:20
Jonathan Rheault 1 0 1 1 0 2 1 0 0 0 0/0 13:50 0:00 0:00
Kevin Veilleux 0 0 0 1 0 1 1 0 1 1 2/3 7:44 0:00 0:00
Marc-André Gragnani 0 1 1 2 0 3 0 0 0 1 0/0 18:03 2:14 0:00
Mark Fayne 0 0 0 0 0 0 1 0 0 0 0/0 10:27 0:24 0:00
Matt Gilroy 0 2 2 2 0 1 4 7 0 1 0/0 26:33 3:11 0:20
Michael Bournival 0 2 2 2 0 2 2 0 1 0 0/0 11:12 2:44 0:00
Mike Sislo 1 0 1 1 0 3 3 0 0 0 0/0 12:10 0:00 0:06
Mike Zigomanis 1 0 1 0 0 3 0 0 1 0 16/39 22:49 3:16 0:47
Milan Bartovic 0 1 1 0 5 3 1 1 1 3 1/4 20:04 3:13 0:06
Nathan Davis 0 1 1 1 17 2 1 0 1 0 3/5 14:18 2:34 0:00
Ryan Bourque 0 1 1 1 0 1 2 1 0 0 1/7 15:30 0:37 0:00
Tim Crowder 0 0 0 1 0 3 0 0 0 2 0/0 11:44 0:00 0:00
Willie Mitchell 0 0 0 0 0 1 1 1 0 0 0/0 18:48 0:33 0:33
3 Stars
1 - Johan Ryno (Stf)
2 - Matt Gilroy (Stf)
3 - Michael Bournival (Stf)
Power Play
Demolitions - 0 on 1 Attempt(s) - 0,00%
Rafales - 1 on 4 Attempt(s) - 25,00%
Penalty Kill
Demolitions - 3 on 4 Attempt(s) - 75,00%
- Score 0 goal in Penalty Kill
Rafales - 1 on 1 Attempt(s) - 100,00%
- Score 0 goal in Penalty Kill
Team Stat
Demolitions - Hits : 20 - Faceoff Wins : 37 - Blocked Shots : 14 - Penalty Minutes : 23
Rafales - Hits : 26 - Faceoff Wins : 23 - Blocked Shots : 17 - Penalty Minutes : 27
Official
Referees : Auger Stephane and Peel Tim
Linesman : Mark Wheler and Ryan Galloway
Game Notes
Joe Cannata enters game at 14:28 of 1st period
Billy Sweat is injured at 19:05 of 1st period (Sprained Left Ankle)
Connor Murphy beats up Darren Helm at 19:18 of 1st period
Milan Bartovic and Nikolai Zherdev fight to a draw at 1:28 of 2nd period
Mark Fayne is injured at 12:34 of 2nd period (Groin)
Darren Helm beats up Nathan Davis at 17:03 of 3rd period
Finance
Level 1 -- Attendance: 1591 (79,55%) -- Ticket Income 55 685 $
Level 2 -- Attendance: 750 (75,00%) -- Ticket Income 11 250 $
Total Attendance: 2341 (78,03%)
Total Ticket Income: 66 935 $
Other Income: 3 347 $
Total Income: 70 282 $
Demolitions
5 vs 5 Forward
Center Left Wing Right Wing Time % Phy DF OF
1 Darren Helm Bobby Butler Nikolai Zherdev 40 1 2 2
2 Marek Zagrapan Nigel Dawes Ryan Vesce 30 1 2 2
3 Nicolas Blanchard Billy Sweat Matt D'Agostini 20 1 2 2
4 Nikolai Zherdev Alex Hutchings David Laliberté 10 1 2 2
5 vs 5 Defense
Defense Defense Time % Phy DF OF
1 Doug Janik Cameron Schilling 40 1 2 2
2 Seth Helgeson David Rundblad 30 1 2 2
3 Andrew Campbell Robert Bortuzzo 20 1 2 2
4 Taylor Aronson Nick Pryor 10 1 2 2
PowerPlay Forward
Center Left Wing Right Wing Time % Phy DF OF
1 Darren Helm Bobby Butler Nikolai Zherdev 60 1 2 2
2 Marek Zagrapan Nigel Dawes Ryan Vesce 40 1 2 2
PowerPlay Defense
Defense Defense Time % Phy DF OF
1 Doug Janik Cameron Schilling 60 1 2 2
2 Seth Helgeson David Rundblad 40 1 2 2
Penalty Kill 4 Players Forward
Center Wing Time % Phy DF OF
1 Nikolai Zherdev Bobby Butler 60 1 2 2
2 Nigel Dawes Darren Helm 40 1 2 2
Penalty Kill 4 Players Defense
Defense Defense Time % Phy DF OF
1 Doug Janik Cameron Schilling 60 1 2 2
2 Seth Helgeson David Rundblad 40 1 2 2
Penalty Kill - 3 Players Forward
Forward Time % Phy DF OF
1 Nikolai Zherdev 60 1 2 2
2 Bobby Butler 40 1 2 2
Penalty Kill - 3 Players Defense
Defense Defense Time % Phy DF OF
1 Doug Janik Cameron Schilling 60 1 2 2
2 Seth Helgeson David Rundblad 40 1 2 2
4 vs 4 Forward
Center Wing Time % Phy DF OF
1 Nikolai Zherdev Bobby Butler 60 1 2 2
2 Nigel Dawes Darren Helm 40 1 2 2
4 vs 4 Defense
Defense Defense Time % Phy DF OF
1 Doug Janik Cameron Schilling 60 1 2 2
2 Seth Helgeson David Rundblad 40 1 2 2
Last Minutes Offensive
Center Left Wing Right Wing Defense Defense
Darren Helm Bobby Butler Nikolai Zherdev Doug Janik Cameron Schilling
Last Minutes Defensive
Center Left Wing Right Wing Defense Defense
Darren Helm Bobby Butler Nikolai Zherdev Doug Janik Cameron Schilling
Goaltenders
Starting : Brent Krahn
Backup : Joe Cannata
Extra Forwards
Normal : Matt D'Agostini, David Laliberté, Nicolas Blanchard - PP : Matt D'Agostini, David Laliberté - PK : Nicolas Blanchard
Extra Defensemen
Normal : Andrew Campbell, Robert Bortuzzo, Taylor Aronson - PP : Andrew Campbell - PK : Robert Bortuzzo, Taylor Aronson
Penalty Shots
Nikolai Zherdev, Bobby Butler, Nigel Dawes, Darren Helm, Ryan Vesce
Rafales
5 vs 5 Forward
Center Left Wing Right Wing Time % Phy DF OF
1 Mike Zigomanis Cody McLeod Milan Bartovic 40 0 0 5
2 Ryan Bourque Jeff Skinner Jonathan Rheault 30 0 0 5
3 Nathan Davis Mike Sislo Tim Crowder 20 0 0 5
4 Kevin Veilleux Michael Bournival Johan Ryno 10 0 0 5
5 vs 5 Defense
Defense Defense Time % Phy DF OF
1 Connor Murphy Matt Gilroy 40 1 2 2
2 Willie Mitchell Jonas Junland 30 1 2 2
3 Marc-André Gragnani Mark Fayne 20 1 2 2
4 Connor Murphy Matt Gilroy 10 1 2 2
PowerPlay Forward
Center Left Wing Right Wing Time % Phy DF OF
1 Mike Zigomanis Cody McLeod Milan Bartovic 60 1 0 4
2 Nathan Davis Michael Bournival Jeff Skinner 40 1 0 4
PowerPlay Defense
Defense Defense Time % Phy DF OF
1 Connor Murphy Matt Gilroy 60 1 0 4
2 Mark Fayne Jonas Junland 40 1 0 4
Penalty Kill 4 Players Forward
Center Wing Time % Phy DF OF
1 Mike Zigomanis Cody McLeod 60 1 3 1
2 Milan Bartovic Mike Sislo 40 1 3 1
Penalty Kill 4 Players Defense
Defense Defense Time % Phy DF OF
1 Connor Murphy Willie Mitchell 60 2 3 0
2 Matt Gilroy Jonas Junland 40 2 3 0
Penalty Kill - 3 Players Forward
Forward Time % Phy DF OF
1 Mike Zigomanis 60 1 4 0
2 Cody McLeod 40 1 4 0
Penalty Kill - 3 Players Defense
Defense Defense Time % Phy DF OF
1 Mark Fayne Willie Mitchell 60 2 3 0
2 Matt Gilroy Jonas Junland 40 2 3 0
4 vs 4 Forward
Center Wing Time % Phy DF OF
1 Mike Zigomanis Cody McLeod 60 1 1 3
2 Milan Bartovic Jeff Skinner 40 1 1 3
4 vs 4 Defense
Defense Defense Time % Phy DF OF
1 Connor Murphy Mark Fayne 60 1 3 1
2 Matt Gilroy Jonas Junland 40 1 3 1
Last Minutes Offensive
Center Left Wing Right Wing Defense Defense
Mike Zigomanis Cody McLeod Milan Bartovic Matt Gilroy Connor Murphy
Last Minutes Defensive
Center Left Wing Right Wing Defense Defense
Mike Zigomanis Cody McLeod Milan Bartovic Willie Mitchell Mark Fayne
Goaltenders
Starting : John Gibson
Backup : Philipp Grubauer
Extra Forwards
Normal : Jeff Skinner, Mike Zigomanis, Michael Bournival - PP : Jeff Skinner, Nathan Davis - PK : Tim Crowder
Extra Defensemen
Normal : Connor Murphy, Mark Fayne, Matt Gilroy - PP : Matt Gilroy - PK : Mark Fayne, Matt Gilroy
Penalty Shots
Mike Zigomanis, Cody McLeod, Milan Bartovic, Tim Crowder, Jeff Skinner
% Time on Ice - Demolitions
Lines # - Real PCT - Wanted PCT - Time Play
Normal Forward
1 - 34% - 40% - 17:45
2 - 32% - 30% - 16:29
3 - 27% - 20% - 14:04
4 - 6% - 10% - 3:16
Normal Defense
1 - 37% - 40% - 19:12
2 - 32% - 30% - 16:15
3 - 20% - 20% - 10:26
4 - 11% - 10% - 5:41
PP Forward
1 - 55% - 60% - 0:29
2 - 45% - 40% - 0:24
PP Defense
1 - 83% - 60% - 0:44
2 - 17% - 40% - 0:09
PK Forward
1 - 86% - 60% - 5:34
2 - 14% - 40% - 0:53
PK Defense
1 - 61% - 60% - 3:58
2 - 39% - 40% - 2:29
PK3 Forward
1 - 0% - 60%
2 - 0% - 40%
PK3 Defense
1 - 0% - 60%
2 - 0% - 40%
44 Forward
1 - 85% - 60% - 0:56
2 - 15% - 40% - 0:10
44 Defense
1 - 38% - 60% - 0:25
2 - 62% - 40% - 0:41
Last Minute Offensive - 0:00
Last Minute Defensive - 0:00
Total
Forward - 60:00
Defense - 60:00
|
% Time on Ice - Rafales
Lines # - Real PCT - Wanted PCT - Time Play
Normal Forward
1 - 35% - 40% - 18:11
2 - 27% - 30% - 13:55
3 - 23% - 20% - 11:44
4 - 15% - 10% - 7:44
Normal Defense
1 - 33% - 40% - 16:46
2 - 33% - 30% - 16:50
3 - 30% - 20% - 15:39
4 - 4% - 10% - 2:19
PP Forward
1 - 58% - 60% - 3:43
2 - 42% - 40% - 2:44
PP Defense
1 - 53% - 60% - 3:27
2 - 47% - 40% - 3:00
PK Forward
1 - 89% - 60% - 0:47
2 - 11% - 40% - 0:06
PK Defense
1 - 62% - 60% - 0:33
2 - 38% - 40% - 0:20
PK3 Forward
1 - 0% - 60%
2 - 0% - 40%
PK3 Defense
1 - 0% - 60%
2 - 0% - 40%
44 Forward
1 - 85% - 60% - 0:56
2 - 15% - 40% - 0:10
44 Defense
1 - 100% - 60% - 1:06
2 - 0% - 40% - 0:00
Last Minute Offensive - 0:00
Last Minute Defensive - 0:00
Total
Forward - 60:00
Defense - 60:00
|
Play by Play
1st period
0:01 of 1st period - Darren Helm wins face-off versus Mike Zigomanis in neutral zone.
1:22 of 1st period - Off-side.
1:23 of 1st period - Darren Helm wins face-off versus Mike Zigomanis in neutral zone.
2:29 of 1st period - Michael Bournival is hit by Alex Hutchings and loses puck.
2:36 of 1st period - Backhand shot by David Laliberté.
2:36 of 1st period - Shot Misses the Net.
3:17 of 1st period - Snap shot by Marek Zagrapan.
3:17 of 1st period - Shot Blocked by Connor Murphy.
3:19 of 1st period - Snap shot by Marek Zagrapan.
3:19 of 1st period - Shot Blocked by Connor Murphy.
3:36 of 1st period - Snap shot by Nathan Davis.
3:36 of 1st period - Shot Misses the Net.
3:38 of 1st period - Slapshot by Mike Sislo.
3:38 of 1st period - Shot Blocked by Nicolas Blanchard.
3:40 of 1st period - Snap shot by Connor Murphy.
3:40 of 1st period - Shot Misses the Net.
3:56 of 1st period - Snap shot by Johan Ryno.
3:56 of 1st period - Stopped by Brent Krahn without a rebound.
3:57 of 1st period - Kevin Veilleux wins face-off versus Darren Helm in Demolitions zone.
4:00 of 1st period - Wrist shot by Michael Bournival.
4:00 of 1st period - Shot Misses the Net.
4:20 of 1st period - Snap shot by Cody McLeod.
4:20 of 1st period - Shot Misses the Net.
5:32 of 1st period - Wrist shot by Michael Bournival.
5:32 of 1st period - Stopped by Brent Krahn with a rebound.
6:07 of 1st period - Snap shot by Nigel Dawes.
6:07 of 1st period - Stopped by John Gibson with a rebound.
6:40 of 1st period - Snap shot by Nathan Davis.
6:40 of 1st period - Deflect By Tim Crowder.
6:40 of 1st period - Shot Misses the Net.
6:40 of 1st period - Puck is out of play.
6:41 of 1st period - Mike Zigomanis wins face-off versus Nicolas Blanchard in Demolitions zone.
6:52 of 1st period - Wrist shot by Cody McLeod.
6:52 of 1st period - Stopped by Brent Krahn without a rebound.
6:53 of 1st period - Darren Helm wins face-off versus Milan Bartovic in Demolitions zone.
6:53 of 1st period - Darren Helm is hit by Cody McLeod.
6:56 of 1st period - Minor Penalty to Bobby Butler for Hooking.
6:57 of 1st period - Nikolai Zherdev wins face-off versus Mike Zigomanis in Demolitions zone.
7:05 of 1st period - Slapshot by Milan Bartovic.
7:05 of 1st period - Stopped by Brent Krahn with a rebound.
7:15 of 1st period - Mike Zigomanis is hit by Nicolas Blanchard and loses puck.
7:37 of 1st period - Off-side.
7:38 of 1st period - Nathan Davis wins face-off versus Darren Helm in neutral zone.
7:41 of 1st period - Snap shot by Jeff Skinner.
7:41 of 1st period - Shot Hit the Post.
7:43 of 1st period - Wrist shot by Michael Bournival.
7:43 of 1st period - Shot Hit the Post.
7:45 of 1st period - Slapshot by Mark Fayne.
7:45 of 1st period - Shot Blocked by Cameron Schilling.
7:47 of 1st period - Snap shot by Jeff Skinner.
7:47 of 1st period - Stopped by Brent Krahn without a rebound.
7:48 of 1st period - Mike Zigomanis wins face-off versus Nikolai Zherdev in Demolitions zone.
7:59 of 1st period - Wrist shot by Milan Bartovic.
7:59 of 1st period - Shot Blocked by Nikolai Zherdev.
8:01 of 1st period - Slapshot by Mark Fayne.
8:01 of 1st period - Deflect By Milan Bartovic.
8:01 of 1st period - Stopped by Brent Krahn without a rebound.
8:02 of 1st period - Nikolai Zherdev wins face-off versus Mike Zigomanis in Demolitions zone.
8:19 of 1st period - Nikolai Zherdev is hit by Matt Gilroy and loses puck.
8:32 of 1st period - Snap shot by Jeff Skinner.
8:32 of 1st period - Goal by Jeff Skinner - Demolitions : 0 - Rafales : 1.
8:33 of 1st period - Mike Zigomanis wins face-off versus Darren Helm in neutral zone.
9:41 of 1st period - Slapshot by Michael Bournival.
9:41 of 1st period - Stopped by Brent Krahn with a rebound.
9:49 of 1st period - Wrist shot by Johan Ryno.
9:49 of 1st period - Goal by Johan Ryno - Demolitions : 0 - Rafales : 2.
9:50 of 1st period - Mike Zigomanis wins face-off versus Darren Helm in neutral zone.
9:57 of 1st period - Wrist shot by Mike Zigomanis.
9:57 of 1st period - Stopped by Brent Krahn without a rebound.
9:58 of 1st period - Darren Helm wins face-off versus Mike Zigomanis in Demolitions zone.
10:07 of 1st period - Wrist shot by Nikolai Zherdev.
10:07 of 1st period - Shot Misses the Net.
10:09 of 1st period - Slapshot by Bobby Butler.
10:09 of 1st period - Shot Misses the Net.
10:11 of 1st period - Slapshot by Darren Helm.
10:11 of 1st period - Stopped by John Gibson without a rebound.
10:12 of 1st period - Darren Helm wins face-off versus Ryan Bourque in Rafales zone.
10:17 of 1st period - Snap shot by Darren Helm.
10:17 of 1st period - Shot Blocked by Matt Gilroy.
10:39 of 1st period - Ryan Vesce is hit by Matt Gilroy and loses puck.
11:10 of 1st period - Snap shot by Mike Sislo.
11:10 of 1st period - Stopped by Brent Krahn without a rebound.
11:11 of 1st period - Marek Zagrapan wins face-off versus Mike Zigomanis in Demolitions zone.
11:18 of 1st period - Slapshot by Ryan Vesce.
11:18 of 1st period - Stopped by John Gibson without a rebound.
11:19 of 1st period - Marek Zagrapan wins face-off versus Mike Zigomanis in Rafales zone.
11:28 of 1st period - Snap shot by Ryan Vesce.
11:28 of 1st period - Shot Blocked by Milan Bartovic.
11:30 of 1st period - Slapshot by Doug Janik.
11:30 of 1st period - Shot Misses the Net.
11:32 of 1st period - Wrist shot by Nigel Dawes.
11:32 of 1st period - Stopped by John Gibson with a rebound.
11:34 of 1st period - Slapshot by Cameron Schilling.
11:34 of 1st period - Shot Misses the Net.
12:32 of 1st period - Snap shot by Ryan Vesce.
12:32 of 1st period - Shot Blocked by Matt Gilroy.
13:13 of 1st period - Wrist shot by Marek Zagrapan.
13:13 of 1st period - Stopped by John Gibson without a rebound.
13:14 of 1st period - Ryan Bourque wins face-off versus Marek Zagrapan in Rafales zone.
13:25 of 1st period - Snap shot by Jonathan Rheault.
13:25 of 1st period - Goal by Jonathan Rheault - Demolitions : 0 - Rafales : 3.
13:26 of 1st period - Mike Zigomanis wins face-off versus Darren Helm in neutral zone.
13:31 of 1st period - Mike Zigomanis is hit by David Rundblad and loses puck.
13:58 of 1st period - Snap shot by Nigel Dawes.
13:58 of 1st period - Stopped by John Gibson with a rebound.
14:00 of 1st period - Wrist shot by Marek Zagrapan.
14:00 of 1st period - Stopped by John Gibson without a rebound.
14:01 of 1st period - Ryan Vesce wins face-off versus Ryan Bourque in Rafales zone.
14:10 of 1st period - Wrist shot by Ryan Vesce.
14:10 of 1st period - Stopped by John Gibson with a rebound.
14:12 of 1st period - Wrist shot by Marek Zagrapan.
14:12 of 1st period - Shot Misses the Net.
14:14 of 1st period - Wrist shot by Marek Zagrapan.
14:14 of 1st period - Stopped by John Gibson without a rebound.
14:15 of 1st period - Darren Helm wins face-off versus Mike Zigomanis in Rafales zone.
14:28 of 1st period - Wrist shot by Mike Zigomanis.
14:28 of 1st period - Goal by Mike Zigomanis - Demolitions : 0 - Rafales : 4.
14:28 of 1st period - Joe Cannata enters game.
14:29 of 1st period - Darren Helm wins face-off versus Mike Zigomanis in neutral zone.
14:36 of 1st period - Wrist shot by Nikolai Zherdev.
14:36 of 1st period - Shot Blocked by Matt Gilroy.
14:38 of 1st period - Wrist shot by Nikolai Zherdev.
14:38 of 1st period - Stopped by John Gibson with a rebound.
14:40 of 1st period - Snap shot by Darren Helm.
14:40 of 1st period - Stopped by John Gibson without a rebound.
14:41 of 1st period - Mike Zigomanis wins face-off versus Darren Helm in Rafales zone.
15:26 of 1st period - Marek Zagrapan is hit by Mike Sislo and loses puck.
15:41 of 1st period - Nathan Davis is hit by Nikolai Zherdev and loses puck.
16:51 of 1st period - Snap shot by Jonathan Rheault.
16:51 of 1st period - Shot Misses the Net.
16:53 of 1st period - Slapshot by Mark Fayne.
16:53 of 1st period - Shot Misses the Net.
17:23 of 1st period - Wrist shot by Nikolai Zherdev.
17:23 of 1st period - Stopped by John Gibson with a rebound.
18:43 of 1st period - Andrew Campbell is hit by Mike Sislo and loses puck.
19:04 of 1st period - Billy Sweat is hit by Matt Gilroy and loses puck.
19:05 of 1st period - Billy Sweat from Demolitions is injured at 19:05 of 1st period (Sprained Left Ankle).
19:06 of 1st period - Darren Helm wins face-off versus Mike Zigomanis in Demolitions zone.
19:11 of 1st period - Snap shot by Nikolai Zherdev.
19:11 of 1st period - Shot Blocked by Matt Gilroy.
19:18 of 1st period - Connor Murphy beats up Darren Helm.
19:18 of 1st period - Penalty to Connor Murphy for Fighting.
19:18 of 1st period - Penalty to Darren Helm for Fighting.
19:19 of 1st period - Mike Zigomanis wins face-off versus Matt D'Agostini in Rafales zone.
19:33 of 1st period - Snap shot by Nikolai Zherdev.
19:33 of 1st period - Shot Misses the Net.
19:35 of 1st period - Slapshot by Cameron Schilling.
19:35 of 1st period - Stopped by John Gibson with a rebound.
19:49 of 1st period - Ryan Vesce is hit by Mark Fayne and loses puck.
Goals for this period are 0 for Demolitions vs 4 for Rafales.
Shots for this period are 13 for Demolitions vs 13 for Rafales.
2nd period
0:01 of 2nd period - Milan Bartovic wins face-off versus Matt D'Agostini in neutral zone.
0:33 of 2nd period - Snap shot by Marek Zagrapan.
0:33 of 2nd period - Shot Hit the Post.
0:39 of 2nd period - Slapshot by Ryan Vesce.
0:39 of 2nd period - Stopped by John Gibson without a rebound.
0:40 of 2nd period - Matt D'Agostini wins face-off versus Mike Zigomanis in Rafales zone.
0:53 of 2nd period - Snap shot by Bobby Butler.
0:53 of 2nd period - Stopped by John Gibson with a rebound.
1:11 of 2nd period - Off-side.
1:12 of 2nd period - Matt D'Agostini wins face-off versus Jeff Skinner in neutral zone.
1:15 of 2nd period - Snap shot by Nikolai Zherdev.
1:15 of 2nd period - Shot Blocked by Ryan Bourque.
1:23 of 2nd period - Snap shot by Bobby Butler.
1:23 of 2nd period - Stopped by John Gibson without a rebound.
1:24 of 2nd period - Matt D'Agostini wins face-off versus Mike Zigomanis in Rafales zone.
1:28 of 2nd period - Milan Bartovic and Nikolai Zherdev fight to a draw.
1:28 of 2nd period - Penalty to Milan Bartovic for Fighting.
1:28 of 2nd period - Penalty to Nikolai Zherdev for Fighting.
1:29 of 2nd period - Mike Zigomanis wins face-off versus Matt D'Agostini in Rafales zone.
1:36 of 2nd period - Seth Helgeson is hit by Cody McLeod and loses puck.
2:13 of 2nd period - Off-side.
2:14 of 2nd period - Kevin Veilleux wins face-off versus Matt D'Agostini in neutral zone.
2:41 of 2nd period - Mike Zigomanis is hit by Nigel Dawes.
2:48 of 2nd period - Snap shot by Ryan Vesce.
2:48 of 2nd period - Shot Hit the Post.
2:50 of 2nd period - Wrist shot by Ryan Vesce.
2:50 of 2nd period - Stopped by John Gibson with a rebound.
4:01 of 2nd period - Ryan Bourque is hit by Nicolas Blanchard and loses puck.
4:14 of 2nd period - Marek Zagrapan is hit by Cody McLeod and loses puck.
5:29 of 2nd period - Slapshot by Cody McLeod.
5:29 of 2nd period - Stopped by Joe Cannata with a rebound.
5:47 of 2nd period - Seth Helgeson is hit by Ryan Bourque and loses puck.
6:10 of 2nd period - Seth Helgeson is hit by Mike Sislo and loses puck.
6:58 of 2nd period - Robert Bortuzzo is hit by Cody McLeod and loses puck.
7:05 of 2nd period - Mike Zigomanis is hit by Matt D'Agostini and loses puck.
7:53 of 2nd period - Marek Zagrapan is hit by Jonathan Rheault and loses puck.
8:18 of 2nd period - Icing by Alex Hutchings.
8:19 of 2nd period - Mike Zigomanis wins face-off versus Nikolai Zherdev in Demolitions zone.
8:28 of 2nd period - Wrist shot by Cody McLeod.
8:28 of 2nd period - Stopped by Joe Cannata without a rebound.
8:29 of 2nd period - Marek Zagrapan wins face-off versus Ryan Bourque in Demolitions zone.
9:03 of 2nd period - Slapshot by Nikolai Zherdev.
9:03 of 2nd period - Stopped by John Gibson without a rebound.
9:04 of 2nd period - Darren Helm wins face-off versus Mike Zigomanis in Rafales zone.
10:18 of 2nd period - Slapshot by Kevin Veilleux.
10:18 of 2nd period - Stopped by Joe Cannata with a rebound.
11:09 of 2nd period - Wrist shot by Mike Zigomanis.
11:09 of 2nd period - Shot Misses the Net.
11:30 of 2nd period - Snap shot by Mike Zigomanis.
11:30 of 2nd period - Shot Misses the Net.
11:32 of 2nd period - Snap shot by Milan Bartovic.
11:32 of 2nd period - Shot Blocked by Robert Bortuzzo.
11:34 of 2nd period - Snap shot by Mike Zigomanis.
11:34 of 2nd period - Deflect By Robert Bortuzzo.
11:34 of 2nd period - Shot Misses the Net.
11:34 of 2nd period - Puck is out of play.
11:35 of 2nd period - Darren Helm wins face-off versus Ryan Bourque in Demolitions zone.
11:40 of 2nd period - Slapshot by Doug Janik.
11:40 of 2nd period - Stopped by John Gibson with a rebound.
11:42 of 2nd period - Snap shot by Darren Helm.
11:42 of 2nd period - Shot Blocked by Jeff Skinner.
11:44 of 2nd period - Wrist shot by Bobby Butler.
11:44 of 2nd period - Stopped by John Gibson with a rebound.
11:46 of 2nd period - Slapshot by Cameron Schilling.
11:46 of 2nd period - Deflect By Nikolai Zherdev.
11:46 of 2nd period - Stopped by John Gibson with a rebound.
11:48 of 2nd period - Snap shot by Darren Helm.
11:48 of 2nd period - Shot Misses the Net.
11:50 of 2nd period - Snap shot by Bobby Butler.
11:50 of 2nd period - Shot Misses the Net.
12:33 of 2nd period - Mark Fayne is hit by Nicolas Blanchard and loses puck.
12:34 of 2nd period - Mark Fayne from Rafales is injured at 12:34 of 2nd period (Groin).
12:35 of 2nd period - Darren Helm wins face-off versus Mike Zigomanis in Rafales zone.
12:36 of 2nd period - Wrist shot by Nikolai Zherdev.
12:36 of 2nd period - Shot Blocked by Matt Gilroy.
12:38 of 2nd period - Slapshot by Doug Janik.
12:38 of 2nd period - Shot Misses the Net.
12:40 of 2nd period - Wrist shot by Bobby Butler.
12:40 of 2nd period - Goal by Bobby Butler - Demolitions : 1 - Rafales : 4.
12:41 of 2nd period - Mike Zigomanis wins face-off versus Darren Helm in neutral zone.
13:05 of 2nd period - Icing by Milan Bartovic.
13:06 of 2nd period - Mike Zigomanis wins face-off versus Marek Zagrapan in Rafales zone.
13:20 of 2nd period - Minor Penalty to Nigel Dawes for Hooking.
13:21 of 2nd period - Nikolai Zherdev wins face-off versus Mike Zigomanis in Demolitions zone.
13:47 of 2nd period - Bobby Butler is hit by Nathan Davis and loses puck.
15:20 of 2nd period - Penalty to Nigel Dawes is over, Nigel Dawes is back on ice.
15:37 of 2nd period - Wrist shot by Ryan Bourque.
15:37 of 2nd period - Shot Misses the Net.
15:56 of 2nd period - Snap shot by Nicolas Blanchard.
15:56 of 2nd period - Shot Blocked by Johan Ryno.
15:58 of 2nd period - Snap shot by Matt D'Agostini.
15:58 of 2nd period - Goal by Matt D'Agostini - Demolitions : 2 - Rafales : 4.
15:59 of 2nd period - Darren Helm wins face-off versus Milan Bartovic in neutral zone.
16:14 of 2nd period - Snap shot by Nikolai Zherdev.
16:14 of 2nd period - Shot Misses the Net.
16:51 of 2nd period - Ryan Bourque is hit by Nicolas Blanchard and loses puck.
17:08 of 2nd period - Slapshot by Marc-André Gragnani.
17:08 of 2nd period - Shot Misses the Net.
17:10 of 2nd period - Snap shot by Michael Bournival.
17:10 of 2nd period - Shot Blocked by Bobby Butler.
17:12 of 2nd period - Slapshot by Marc-André Gragnani.
17:12 of 2nd period - Deflect By Nikolai Zherdev.
17:12 of 2nd period - Stopped by Joe Cannata with a rebound.
17:14 of 2nd period - Snap shot by Johan Ryno.
17:14 of 2nd period - Goal by Johan Ryno - Demolitions : 2 - Rafales : 5.
17:15 of 2nd period - Darren Helm wins face-off versus Mike Zigomanis in neutral zone.
17:45 of 2nd period - Slapshot by Matt Gilroy.
17:45 of 2nd period - Deflect By Jonathan Rheault.
17:45 of 2nd period - Stopped by Joe Cannata without a rebound.
17:46 of 2nd period - Nicolas Blanchard wins face-off versus Ryan Bourque in Demolitions zone.
17:57 of 2nd period - Snap shot by Nicolas Blanchard.
17:57 of 2nd period - Shot Misses the Net.
17:59 of 2nd period - Snap shot by Nicolas Blanchard.
17:59 of 2nd period - Shot Blocked by Matt Gilroy.
18:01 of 2nd period - Slapshot by David Rundblad.
18:01 of 2nd period - Stopped by John Gibson with a rebound.
18:03 of 2nd period - Slapshot by David Laliberté.
18:03 of 2nd period - Stopped by John Gibson with a rebound.
18:05 of 2nd period - Slapshot by David Rundblad.
18:05 of 2nd period - Stopped by John Gibson with a rebound.
18:07 of 2nd period - Wrist shot by Nicolas Blanchard.
18:07 of 2nd period - Shot Misses the Net.
18:09 of 2nd period - Wrist shot by David Laliberté.
18:09 of 2nd period - Stopped by John Gibson without a rebound.
18:10 of 2nd period - Mike Zigomanis wins face-off versus Darren Helm in Rafales zone.
18:10 of 2nd period - Mike Zigomanis is hit by Bobby Butler.
18:18 of 2nd period - Slapshot by Willie Mitchell.
18:18 of 2nd period - Stopped by Joe Cannata with a rebound.
18:20 of 2nd period - Snap shot by Milan Bartovic.
18:20 of 2nd period - Deflect By Cody McLeod.
18:20 of 2nd period - Stopped by Joe Cannata without a rebound.
18:21 of 2nd period - Darren Helm wins face-off versus Mike Zigomanis in Demolitions zone.
18:21 of 2nd period - Darren Helm is hit by Matt Gilroy.
18:48 of 2nd period - Doug Janik is hit by Jeff Skinner and loses puck.
18:57 of 2nd period - Snap shot by Nigel Dawes.
18:57 of 2nd period - Stopped by John Gibson without a rebound.
18:58 of 2nd period - Nathan Davis wins face-off versus Darren Helm in Rafales zone.
18:58 of 2nd period - Nathan Davis is hit by David Rundblad.
19:34 of 2nd period - Snap shot by Marek Zagrapan.
19:34 of 2nd period - Stopped by John Gibson with a rebound.
19:44 of 2nd period - David Laliberté is hit by Ryan Bourque and loses puck.
Goals for this period are 2 for Demolitions vs 1 for Rafales.
Shots for this period are 16 for Demolitions vs 8 for Rafales.
3rd period
0:01 of 3rd period - Mike Zigomanis wins face-off versus Darren Helm in neutral zone.
0:34 of 3rd period - Snap shot by Ryan Vesce.
0:34 of 3rd period - Stopped by John Gibson without a rebound.
0:35 of 3rd period - Nikolai Zherdev wins face-off versus Ryan Bourque in Rafales zone.
1:00 of 3rd period - Andrew Campbell is hit by Jonas Junland and loses puck.
1:05 of 3rd period - Snap shot by Cody McLeod.
1:05 of 3rd period - Shot Misses the Net.
1:07 of 3rd period - Wrist shot by Cody McLeod.
1:07 of 3rd period - Shot Misses the Net.
1:09 of 3rd period - Snap shot by Marc-André Gragnani.
1:09 of 3rd period - Shot Blocked by Robert Bortuzzo.
1:11 of 3rd period - Slapshot by Connor Murphy.
1:11 of 3rd period - Shot Blocked by Ryan Vesce.
1:21 of 3rd period - Nathan Davis is hit by Nicolas Blanchard and loses puck.
1:44 of 3rd period - Bobby Butler is hit by Kevin Veilleux and loses puck.
1:59 of 3rd period - Kevin Veilleux is hit by Matt D'Agostini and loses puck.
2:29 of 3rd period - Alex Hutchings is hit by Milan Bartovic and loses puck.
3:48 of 3rd period - Nathan Davis is hit by Nicolas Blanchard and loses puck.
4:25 of 3rd period - Snap shot by Milan Bartovic.
4:25 of 3rd period - Stopped by Joe Cannata with a rebound.
4:31 of 3rd period - Wrist shot by Ryan Bourque.
4:31 of 3rd period - Stopped by Joe Cannata with a rebound.
4:33 of 3rd period - Slapshot by Willie Mitchell.
4:33 of 3rd period - Deflect By Jeff Skinner.
4:33 of 3rd period - Shot Misses the Net.
4:33 of 3rd period - Puck is out of play.
4:34 of 3rd period - Marek Zagrapan wins face-off versus Cody McLeod in Demolitions zone.
4:49 of 3rd period - Snap shot by Milan Bartovic.
4:49 of 3rd period - Shot Misses the Net.
5:26 of 3rd period - Robert Bortuzzo is hit by Michael Bournival and loses puck.
5:49 of 3rd period - Snap shot by Nigel Dawes.
5:49 of 3rd period - Shot Blocked by Willie Mitchell.
6:01 of 3rd period - Snap shot by Tim Crowder.
6:01 of 3rd period - Stopped by Joe Cannata without a rebound.
6:02 of 3rd period - Darren Helm wins face-off versus Nathan Davis in Demolitions zone.
6:12 of 3rd period - Marc-André Gragnani is hit by Seth Helgeson and loses puck.
6:44 of 3rd period - Wrist shot by Nathan Davis.
6:44 of 3rd period - Stopped by Joe Cannata with a rebound.
6:46 of 3rd period - Snap shot by Mike Sislo.
6:46 of 3rd period - Shot Blocked by Seth Helgeson.
6:48 of 3rd period - Slapshot by Marc-André Gragnani.
6:48 of 3rd period - Shot Blocked by David Rundblad.
6:50 of 3rd period - Backhand shot by Matt Gilroy.
6:50 of 3rd period - Shot Blocked by Matt D'Agostini.
6:52 of 3rd period - Slapshot by Marc-André Gragnani.
6:52 of 3rd period - Shot Misses the Net.
6:54 of 3rd period - Snap shot by Matt Gilroy.
6:54 of 3rd period - Stopped by Joe Cannata with a rebound.
6:56 of 3rd period - Slapshot by Marc-André Gragnani.
6:56 of 3rd period - Stopped by Joe Cannata with a rebound.
6:58 of 3rd period - Slapshot by Matt Gilroy.
6:58 of 3rd period - Shot Misses the Net.
7:00 of 3rd period - Slapshot by Marc-André Gragnani.
7:00 of 3rd period - Stopped by Joe Cannata with a rebound.
7:02 of 3rd period - Slapshot by Tim Crowder.
7:02 of 3rd period - Stopped by Joe Cannata with a rebound.
7:04 of 3rd period - Snap shot by Tim Crowder.
7:04 of 3rd period - Stopped by Joe Cannata with a rebound.
7:06 of 3rd period - Slapshot by Marc-André Gragnani.
7:06 of 3rd period - Shot Blocked by Seth Helgeson.
7:08 of 3rd period - Snap shot by Nathan Davis.
7:08 of 3rd period - Stopped by Joe Cannata with a rebound.
7:16 of 3rd period - Wrist shot by Mike Sislo.
7:16 of 3rd period - Goal by Mike Sislo - Demolitions : 2 - Rafales : 6.
7:17 of 3rd period - Mike Zigomanis wins face-off versus Darren Helm in neutral zone.
7:21 of 3rd period - Minor Penalty to Bobby Butler for Holding.
7:22 of 3rd period - Nikolai Zherdev wins face-off versus Mike Zigomanis in Demolitions zone.
7:33 of 3rd period - Nikolai Zherdev is hit by Cody McLeod and loses puck.
8:27 of 3rd period - Doug Janik is hit by Michael Bournival and loses puck.
8:59 of 3rd period - Icing by Michael Bournival.
9:00 of 3rd period - Darren Helm wins face-off versus Nathan Davis in Rafales zone.
9:01 of 3rd period - Snap shot by Nigel Dawes.
9:01 of 3rd period - Stopped by John Gibson with a rebound.
9:07 of 3rd period - Wrist shot by Darren Helm.
9:07 of 3rd period - Shot Blocked by Jonas Junland.
9:21 of 3rd period - Penalty to Bobby Butler is over, Bobby Butler is back on ice.
9:23 of 3rd period - Wrist shot by Nikolai Zherdev.
9:23 of 3rd period - Shot Blocked by Jonas Junland.
11:12 of 3rd period - Alex Hutchings is hit by Cody McLeod and loses puck.
11:41 of 3rd period - Icing by Connor Murphy.
11:42 of 3rd period - Nicolas Blanchard wins face-off versus Mike Zigomanis in Rafales zone.
11:43 of 3rd period - Wrist shot by Matt D'Agostini.
11:43 of 3rd period - Shot Misses the Net.
12:22 of 3rd period - David Rundblad is hit by Willie Mitchell and loses puck.
12:41 of 3rd period - Icing by Marek Zagrapan.
12:42 of 3rd period - Nicolas Blanchard wins face-off versus Kevin Veilleux in Demolitions zone.
12:49 of 3rd period - Snap shot by Johan Ryno.
12:49 of 3rd period - Shot Misses the Net.
13:20 of 3rd period - Milan Bartovic is hit by Bobby Butler and loses puck.
13:58 of 3rd period - Snap shot by Mike Sislo.
13:58 of 3rd period - Stopped by Joe Cannata with a rebound.
14:00 of 3rd period - Slapshot by Marc-André Gragnani.
14:00 of 3rd period - Shot Blocked by Matt D'Agostini.
14:02 of 3rd period - Wrist shot by Mike Sislo.
14:02 of 3rd period - Shot Blocked by Cameron Schilling.
14:20 of 3rd period - Bobby Butler is hit by Johan Ryno and loses puck.
14:36 of 3rd period - Slapshot by David Rundblad.
14:36 of 3rd period - Stopped by John Gibson without a rebound.
14:37 of 3rd period - Marek Zagrapan wins face-off versus Mike Zigomanis in Rafales zone.
14:43 of 3rd period - Icing by Cody McLeod.
14:44 of 3rd period - Mike Zigomanis wins face-off versus Marek Zagrapan in Rafales zone.
14:44 of 3rd period - Mike Zigomanis is hit by Ryan Vesce.
14:52 of 3rd period - Slapshot by Mike Zigomanis.
14:52 of 3rd period - Stopped by Joe Cannata without a rebound.
14:53 of 3rd period - Darren Helm wins face-off versus Milan Bartovic in Demolitions zone.
15:00 of 3rd period - Snap shot by Cody McLeod.
15:00 of 3rd period - Stopped by Joe Cannata with a rebound.
15:02 of 3rd period - Snap shot by Cody McLeod.
15:02 of 3rd period - Shot Blocked by David Rundblad.
15:49 of 3rd period - Wrist shot by Matt D'Agostini.
15:49 of 3rd period - Deflect By Nicolas Blanchard.
15:49 of 3rd period - Shot Blocked by Matt Gilroy.
15:49 of 3rd period - Puck is out of play.
15:50 of 3rd period - Darren Helm wins face-off versus Mike Zigomanis in Rafales zone.
15:51 of 3rd period - Snap shot by Nikolai Zherdev.
15:51 of 3rd period - Shot Misses the Net.
15:53 of 3rd period - Snap shot by Bobby Butler.
15:53 of 3rd period - Shot Misses the Net.
15:55 of 3rd period - Slapshot by Cameron Schilling.
15:55 of 3rd period - Shot Blocked by Cody McLeod.
15:57 of 3rd period - Backhand shot by Doug Janik.
15:57 of 3rd period - Deflect By Bobby Butler.
15:57 of 3rd period - Shot Misses the Net.
15:57 of 3rd period - Puck is out of play.
15:58 of 3rd period - Darren Helm wins face-off versus Mike Zigomanis in Rafales zone.
16:13 of 3rd period - Snap shot by Nikolai Zherdev.
16:13 of 3rd period - Shot Misses the Net.
16:51 of 3rd period - Slapshot by Nicolas Blanchard.
16:51 of 3rd period - Stopped by John Gibson without a rebound.
16:52 of 3rd period - Nathan Davis wins face-off versus Darren Helm in Rafales zone.
16:52 of 3rd period - Nathan Davis is hit by David Rundblad.
17:03 of 3rd period - Darren Helm beats up Nathan Davis.
17:03 of 3rd period - Penalty to Nathan Davis for Fighting.
17:03 of 3rd period - Penalty to Darren Helm for Fighting.
17:03 of 3rd period - Penalty to Nathan Davis for instigated a fight.
17:03 of 3rd period - Penalty to Nathan Davis for instigated a fight.
17:04 of 3rd period - Nikolai Zherdev wins face-off versus Mike Zigomanis in Rafales zone.
17:30 of 3rd period - Cody McLeod is hit by Ryan Vesce and loses puck.
17:56 of 3rd period - Minor Penalty to David Rundblad for Slashing.
17:57 of 3rd period - Mike Zigomanis wins face-off versus Nikolai Zherdev in Demolitions zone.
18:38 of 3rd period - Jeff Skinner is hit by David Laliberté and loses puck.
19:03 of 3rd period - Penalty to Nathan Davis is over, Johan Ryno is send on ice.
19:11 of 3rd period - Backhand shot by Doug Janik.
19:11 of 3rd period - Stopped by John Gibson with a rebound.
19:56 of 3rd period - Penalty to David Rundblad is over, David Rundblad is back on ice.
Goals for this period are 0 for Demolitions vs 1 for Rafales.
Shots for this period are 5 for Demolitions vs 14 for Rafales.
Back to the Top